TOP OF THE 1ST |
Kenilworth Aces batting - Pitching for Boston Rebels : LHP Frank Jackson
|
Pitching: LHP Frank Jackson
|
|
Batting: RHB Andrés Lara
|
0-0: Ball 1-0: Foul Ball, location: 2F 1-1: DOUBLE (Line Drive, 89D)
|
Batting: LHB Roger Moore
|
0-0: Ground out 6-3 (Groundball, 6) Andrés Lara to third
|
Batting: LHB Barrett Waters
|
0-0: SINGLE (Groundball, 6MD) Andrés Lara scores
|
Batting: LHB Roy Patrick
|
Pickoff Throw to First - Out! 0-0: Swinging Strike 0-1: Foul Ball, location: 2F 0-2: Fly out, F7 (Flyball, 7LD)
|
Top of the 1st over - 1 run, 2 hits, 0 errors, 0 left on base; Kenilworth 1 - Boston 0 |
BOTTOM OF THE 1ST |
Boston Rebels batting - Pitching for Kenilworth Aces : RHP Scot MacIntosh
|
Pitching: RHP Scot MacIntosh
|
|
Batting: LHB Paco Córdova
|
0-0: Ground out 1-3 (Groundball, 13S)
|
Batting: RHB Ken McDonald
|
0-0: Called Strike 0-1: Fly out, F7 (Flyball, 78D)
|
Batting: LHB Frank Jackson
|
0-0: Called Strike 0-1: Foul Ball, location: 2F 0-2: Ground out 6-3 (Groundball, 6MS)
|
Bottom of the 1st over - 0 runs, 0 hits, 0 errors, 0 left on base; Kenilworth 1 - Boston 0 |
TOP OF THE 2ND |
Kenilworth Aces batting - Pitching for Boston Rebels : LHP Frank Jackson
|
Batting: SHB Julián Madrid
|
0-0: Called Strike 0-1: Ball 1-1: Foul Ball, location: 2F 1-2: Ground out 3-1 (Groundball, 34)
|
Batting: LHB Santiago Márquez
|
0-0: Ball 1-0: Ball 2-0: Called Strike 2-1: SINGLE (Line Drive, 6D)
|
Batting: RHB Luis Sánchez
|
0-0: Called Strike 0-1: Fielders Choice at 2nd, 1-4 (Groundball, 15S)
|
Batting: RHB Taylor McFarland
|
0-0: Fly out, F9 (Flyball, 9)
|
Top of the 2nd over - 0 runs, 1 hit, 0 errors, 1 left on base; Kenilworth 1 - Boston 0 |
BOTTOM OF THE 2ND |
Boston Rebels batting - Pitching for Kenilworth Aces : RHP Scot MacIntosh
|
Batting: RHB Tony Long
|
0-0: Swinging Strike 0-1: Ball 1-1: Ball 2-1: Ground out 5-3 (Groundball, 5)
|
Batting: LHB Gabriel Aragón
|
0-0: Called Strike 0-1: Ball 1-1: SINGLE (Line Drive, 8RS)
|
Batting: LHB Ricardo Brandariz
|
0-0: Ball 1-0: Called Strike 1-1: Called Strike 1-2: Foul Ball, location: 2F 1-2: Fielders Choice at 2nd, 5-4 (Groundball, 56)
|
Batting: RHB Alfredo Cortéz
|
0-0: Ball 1-0: Foul Ball, location: 2F 1-1: Ball 2-1: Swinging Strike 2-2: Foul Ball, location: 2F 2-2: Ground out 4-3 (Groundball, 4M)
|
Bottom of the 2nd over - 0 runs, 1 hit, 0 errors, 1 left on base; Kenilworth 1 - Boston 0 |
TOP OF THE 3RD |
Kenilworth Aces batting - Pitching for Boston Rebels : LHP Frank Jackson
|
Batting: LHB Jim Jensen
|
0-0: Fly out, F8 (Line Drive, 8RM)
|
Batting: RHB Andrés Lara
|
0-0: Ball 1-0: Fly out, F4 (Popup, 34S)
|
Batting: LHB Roger Moore
|
0-0: Foul Ball, location: 2F 0-1: Called Strike 0-2: Ball 1-2: Strikes out swinging
|
Top of the 3rd over - 0 runs, 0 hits, 0 errors, 0 left on base; Kenilworth 1 - Boston 0 |
BOTTOM OF THE 3RD |
Boston Rebels batting - Pitching for Kenilworth Aces : RHP Scot MacIntosh
|
Batting: SHB Ismael Sánchez
|
0-0: Bunted foul 0-1: Fly out, F9 (Flyball, 9)
|
Batting: RHB David Rodríguez
|
0-0: Ball 1-0: Foul Ball, location: 2F 1-1: Foul Ball, location: 2F 1-2: Ground out 5-3 (Groundball, 5L)
|
Batting: LHB Paco Córdova
|
0-0: Called Strike 0-1: Ball 1-1: Called Strike 1-2: Ground out 1-3 (Groundball, 15S)
|
Bottom of the 3rd over - 0 runs, 0 hits, 0 errors, 0 left on base; Kenilworth 1 - Boston 0 |
TOP OF THE 4TH |
Kenilworth Aces batting - Pitching for Boston Rebels : LHP Frank Jackson
|
Batting: LHB Barrett Waters
|
0-0: Ground out 6-3 (Groundball, 6S)
|
Batting: LHB Roy Patrick
|
0-0: Hit by Pitch
|
Batting: SHB Julián Madrid
|
0-0: Ball Roy Patrick steals 2nd base 1-0: Called Strike Roy Patrick steals 3rd base 1-1: Fly out, F7 (Flyball, 7) Runner from 3rd tags up, SCORES, throw made
|
Batting: LHB Santiago Márquez
|
0-0: Ball 1-0: Foul Ball, location: 2F 1-1: Called Strike 1-2: Ball 2-2: Strikes out swinging
|
Top of the 4th over - 1 run, 0 hits, 0 errors, 0 left on base; Kenilworth 2 - Boston 0 |
BOTTOM OF THE 4TH |
Boston Rebels batting - Pitching for Kenilworth Aces : RHP Scot MacIntosh
|
Batting: RHB Ken McDonald
|
0-0: Foul Ball, location: 2F 0-1: Called Strike 0-2: Fly out, F8 (Flyball, 8RD)
|
Batting: LHB Frank Jackson
|
0-0: Called Strike 0-1: Called Strike 0-2: Foul Ball, location: 2F 0-2: Ball 1-2: Ground out 6-3 (Groundball, 6)
|
Batting: RHB Tony Long
|
0-0: Ball 1-0: Foul Ball, location: 2F 1-1: Ball 2-1: Foul Ball, location: 2F 2-2: Strikes out swinging
|
Bottom of the 4th over - 0 runs, 0 hits, 0 errors, 0 left on base; Kenilworth 2 - Boston 0 |
TOP OF THE 5TH |
Kenilworth Aces batting - Pitching for Boston Rebels : LHP Frank Jackson
|
Batting: RHB Luis Sánchez
|
0-0: Ball 1-0: Ball 2-0: Called Strike 2-1: Ball 3-1: Called Strike 3-2: SINGLE (Line Drive, 3D)
|
Batting: RHB Taylor McFarland
|
0-0: Ball 1-0: Grounds into double play, 1-6-3 (Groundball, P)
|
Batting: LHB Jim Jensen
|
0-0: Ground out 3-1 (Groundball, 34S)
|
Top of the 5th over - 0 runs, 1 hit, 0 errors, 0 left on base; Kenilworth 2 - Boston 0 |
BOTTOM OF THE 5TH |
Boston Rebels batting - Pitching for Kenilworth Aces : RHP Scot MacIntosh
|
Batting: LHB Gabriel Aragón
|
0-0: Called Strike 0-1: Ball 1-1: Foul Ball, location: 2F 1-2: Strikes out swinging
|
Batting: LHB Ricardo Brandariz
|
0-0: SINGLE (Groundball, 56D)
|
Batting: RHB Alfredo Cortéz
|
0-0: Ball 1-0: Called Strike 1-1: Fly out, F9 (Flyball, 89S)
|
Batting: SHB Ismael Sánchez
|
0-0: Ball 1-0: Foul Ball, location: 2F 1-1: Swinging Strike 1-2: Strikes out swinging
|
Bottom of the 5th over - 0 runs, 1 hit, 0 errors, 1 left on base; Kenilworth 2 - Boston 0 |
TOP OF THE 6TH |
Kenilworth Aces batting - Pitching for Boston Rebels : LHP Frank Jackson
|
Batting: RHB Andrés Lara
|
0-0: Ball 1-0: SINGLE (Groundball, 4MD)
|
Batting: LHB Roger Moore
|
0-0: Ball 1-0: Fly out, F4 (Popup, 3)
|
Batting: LHB Barrett Waters
|
0-0: Ball Andrés Lara steals 2nd base 1-0: Intentional Walk
|
Batting: LHB Roy Patrick
|
0-0: Ball 1-0: Ball 2-0: Grounds into double play, 5-4-3 (Groundball, 5)
|
Top of the 6th over - 0 runs, 1 hit, 0 errors, 1 left on base; Kenilworth 2 - Boston 0 |
BOTTOM OF THE 6TH |
Boston Rebels batting - Pitching for Kenilworth Aces : RHP Scot MacIntosh
|
Batting: RHB David Rodríguez
|
0-0: Ball 1-0: Ball 2-0: Called Strike 2-1: Foul Ball, location: 2F 2-2: Foul Ball, location: 2F 2-2: Ground out 2-3 (Groundball, 13S)
|
Batting: LHB Paco Córdova
|
0-0: Swinging Strike 0-1: Called Strike 0-2: Ball 1-2: Ball 2-2: Strikes out looking
|
Batting: RHB Ken McDonald
|
0-0: Swinging Strike 0-1: Foul Ball, location: 2F 0-2: Ball 1-2: SINGLE (Groundball, 4MD)
|
Batting: LHB Frank Jackson
|
0-0: Ball 1-0: Swinging Strike 1-1: Called Strike 1-2: Ball 2-2: Strikes out swinging
|
Bottom of the 6th over - 0 runs, 1 hit, 0 errors, 1 left on base; Kenilworth 2 - Boston 0 |
TOP OF THE 7TH |
Kenilworth Aces batting - Pitching for Boston Rebels : LHP Frank Jackson
|
Batting: SHB Julián Madrid
|
0-0: Ball 1-0: Called Strike 1-1: Ball 2-1: SOLO HOME RUN (Flyball, 7LD), Distance : 349 ft
|
Batting: LHB Santiago Márquez
|
0-0: Ball 1-0: Foul Ball, location: 2F 1-1: Fly out, F7 (Line Drive, 7S)
|
Batting: RHB Luis Sánchez
|
0-0: Ball 1-0: Ball 2-0: Ball 3-0: Called Strike 3-1: Foul Ball, location: 2F 3-2: Base on Balls
|
Batting: RHB Taylor McFarland
|
0-0: Ball Luis Sánchez steals 2nd base 1-0: Intentional Walk
|
Batting: LHB Jim Jensen
|
0-0: Ball 1-0: Ball 2-0: Ball 3-0: Base on Balls Luis Sánchez to third Taylor McFarland to second
|
Batting: RHB Andrés Lara
|
0-0: Foul Ball, location: 2F 0-1: Foul Ball, location: 2F 0-2: Ball 1-2: Fly out, F9 (Flyball, 9D) Runner from 3rd tags up, SCORES, no throw Taylor McFarland to third
|
Batting: LHB Roger Moore
|
0-0: Ball 1-0: Ball 2-0: Ball 3-0: SINGLE (Line Drive, 7S) Taylor McFarland scores Jim Jensen to second
|
Pitching: LHP Nelson Béltre
|
|
Batting: LHB Barrett Waters
|
0-0: Ball 1-0: Called Strike 1-1: Ball 2-1: Called Strike 2-2: Foul Ball, location: 2F 2-2: Ground out 4-3 (Groundball, 4)
|
Top of the 7th over - 3 runs, 2 hits, 0 errors, 2 left on base; Kenilworth 5 - Boston 0 |
BOTTOM OF THE 7TH |
Boston Rebels batting - Pitching for Kenilworth Aces : RHP Scot MacIntosh
|
Batting: RHB Tony Long
|
0-0: Called Strike 0-1: Foul Ball, location: 2F 0-2: Ball 1-2: Foul Ball, location: 2F 1-2: Fly out, F9 (Flyball, 9D)
|
Batting: LHB Gabriel Aragón
|
0-0: Ball 1-0: Ball 2-0: Swinging Strike 2-1: Fly out, F7 (Flyball, 78S)
|
Batting: LHB Ricardo Brandariz
|
0-0: Called Strike 0-1: Fly out, F7 (Line Drive, 7LM)
|
Bottom of the 7th over - 0 runs, 0 hits, 0 errors, 0 left on base; Kenilworth 5 - Boston 0 |
TOP OF THE 8TH |
Kenilworth Aces batting - Pitching for Boston Rebels : LHP Nelson Béltre
|
Batting: LHB Roy Patrick
|
0-0: DOUBLE (Flyball, 78D)
|
Batting: SHB Julián Madrid
|
0-0: Called Strike 0-1: Foul Ball, location: 2F 0-2: Ball 1-2: Ground out 5-3 (Groundball, 56)
|
Batting: LHB Santiago Márquez
|
0-0: Called Strike 0-1: Ball 1-1: Hit by Pitch
|
Batting: RHB Luis Sánchez
|
0-0: Fly out, F7 (Flyball, 7LM)
|
Batting: RHB Taylor McFarland
|
0-0: Ball 1-0: Ball 2-0: Ball 3-0: Called Strike 3-1: Fielders Choice at 2nd, 6-4 (Groundball, 6)
|
Top of the 8th over - 0 runs, 1 hit, 0 errors, 2 left on base; Kenilworth 5 - Boston 0 |
TOP OF THE 9TH |
Kenilworth Aces batting - Pitching for Boston Rebels : LHP Nelson Béltre
|
Pitching: RHP Juan Álvarez
|
|
Batting: LHB Jim Jensen
|
0-0: Ball 1-0: Called Strike 1-1: Foul Ball, location: 2F 1-2: Ball 2-2: Foul Ball, location: 2F 2-2: Fly out, F8 (Flyball, 89M)
|
Batting: RHB Andrés Lara
|
0-0: Ball 1-0: Foul Ball, location: 2F 1-1: Fly out, F8 (Line Drive, 8RD)
|
Batting: LHB Roger Moore
|
0-0: Called Strike 0-1: Ball 1-1: Ball 2-1: Ball 3-1: SINGLE (Flyball, 89M)
|
Batting: LHB Barrett Waters
|
0-0: Ball 1-0: Ball 2-0: Ball 3-0: Base on Balls Roger Moore to second
|
Batting: LHB Roy Patrick
|
0-0: Ball 1-0: Foul Ball, location: 2F 1-1: Ground out U3 (Groundball, 3)
|
Top of the 9th over - 0 runs, 1 hit, 0 errors, 2 left on base; Kenilworth 5 - Boston 1 |
BOTTOM OF THE 9TH |
Boston Rebels batting - Pitching for Kenilworth Aces : RHP Pablo Cabral
|
Batting: LHB Frank Jackson
|
0-0: Ball 1-0: Called Strike 1-1: Ball 2-1: Foul Ball, location: 2F 2-2: Strikes out swinging
|
Batting: RHB Tony Long
|
0-0: Fly out, F8 (Flyball, 8RD)
|
Batting: LHB Gabriel Aragón
|
0-0: Called Strike 0-1: Ball 1-1: Fly out, F6 (Popup, P)
|
Bottom of the 9th over - 0 runs, 0 hits, 0 errors, 0 left on base; Kenilworth 5 - Boston 1 |
|